 Dungeon Crawl Stone Soup version 0.26.1-2-gb8aa6d0cf2 (webtiles) character file.

Game seed: 15742553100515919309

18805 timruff the Carver (level 12, -7/165 HPs)
             Began as a Minotaur Berserker on Mar 27, 2021.
             Was an Elder of Trog.
             Killed by divine providence
             ... invoked by an orc priest
              (9 damage)
             ... on level 2 of the Orcish Mines.
             The game lasted 00:50:37 (18972 turns).

timruff the Carver (Minotaur Berserker)            Turns: 18972, Time: 00:50:38

Health: -7/165     AC: 18    Str: 27    XL:     12   Next: 30%
Magic:  11/11      EV:  9    Int:  4    God:    Trog [****..]
Gold:   1407       SH:  5    Dex: 10    Spells: 11/11 levels left

rFire    . . .     SeeInvis .   C - +0 triple sword
rCold    . . .     Faith    .   (shield currently unavailable)
rNeg     + . .     Spirit   .   f - +1 plate armour
rPois    .         Reflect  +   k - +1 hat
rElec    +         Harm     .   (no cloak)
rCorr    .         Rampage  .   v - +0 pair of gloves
Will     .....     Rnd*Tele +   (no boots)
Stlth    ..........             c - amulet of reflection
HPRegen  0.37/turn              t - ring of positive energy
MPRegen  0.12/turn              A - ring of the Coward {*Tele +Inv rElec Will- Stlth+}

@: berserking (expiring), very quick
A: retaliatory headbutt, horns 2
a: Renounce Religion, Evoke Invisibility, Berserk, Trog's Hand, Brothers in Arms


You were on level 2 of the Orcish Mines.
You worshipped Trog.
Trog was greatly pleased with you.
You visited 3 branches of the dungeon, and saw 15 of its levels.

You collected 1407 gold pieces.

Inventory:

Hand Weapons
 a - a +3 hand axe
 u - a cursed +4 halberd
 C - a +0 triple sword (weapon)
Armour
 b - a +0 animal skin
 f - a +1 plate armour (worn)
 k - a +1 hat (worn)
 v - a +0 pair of gloves (worn)
Jewellery
 c - an amulet of reflection (around neck)
 n - an uncursed amulet of guardian spirit
 t - a ring of positive energy (left hand)
 A - the ring of the Coward (right hand) {*Tele +Inv rElec Will- Stlth+}
   (You found it on level 8 of the Dungeon)

   [ring of teleportation]

   It may teleport you next to monsters.
   It insulates you from electricity.
   It affects your willpower, your defense against some magical effects.
   It lets you turn invisible.
   It makes you more stealthy.
 B - an uncursed amulet of faith
 D - an uncursed ring of flight
Wands
 l - a wand of disintegration (16)
 o - a wand of iceblast (14)
 q - a wand of random effects (54)
 s - a wand of polymorph (7)
 w - a wand of enslavement (5)
 x - a wand of acid (10)
 z - a wand of digging (3)
Scrolls
 e - 9 scrolls of remove curse
 j - a scroll of fog
 p - 5 scrolls of fear
 y - 12 scrolls of identify


   Skills:
 + Level 11.0 Fighting
 + Level 12.3 Long Blades
 + Level 11.9 Axes
 + Level 11.2 Armour
 + Level 3.9 Dodging
 + Level 1.4 Stealth
 + Level 7.6 Shields


You had 11 spell levels left.
You didn't know any spells.
Your spell library was empty.

Dungeon Overview and Level Annotations

Branches:
Dungeon (12/15)            Temple (1/1) D:6            Lair (0/6) D:10
    Orc (2/2) D:10
    Elf: Orc:2

Altars:
Ashenzari
Cheibriados
Dithmenos
Elyvilon
Fedhas
Gozag
Hepliaklqana
Kikubaaqudgha
Makhleb
Nemelex Xobeh
Okawaru
Qazlal
Ru
Sif Muna
Trog
Uskayaw
Vehumet
Wu Jian
Xom
Yredelemnul
Zin
The Shining One

Shops:
D:8 *   D:9 [


Innate Abilities, Weirdness & Mutations

You reflexively headbutt those who attack you in melee.
You have a pair of horns on your head.


Message History

You feel yourself moving faster!
You feel mighty!
The orc warrior hits you but does no damage.
The orc wizard points at itself and mumbles some strange words.
The orc wizard flickers and vanishes!
Deactivating autopickup; reactivate with Ctrl-A.
The orc priest hits you but does no damage.
The orc hits you but does no damage.
You feel a strong urge to attack something.
Your two-headed ogre hits the orc warrior with a +0 giant spiked club!
The orc warrior dies!
Trog accepts your kill.
The orc priest begins to cast a cantrip, but forgets the words!
Your two-headed ogre closely misses the orc.
Your two-headed ogre hits the orc with a +0 giant club!!
The orc dies!
Trog accepts your kill.
You feel your anger nearly subside.
The orc priest calls down the wrath of Beogh upon you.
Beogh smites you!
You die...

.............o..
....^.....3......
..................
...........o.......
...........)o......
..........O.)......
...........).......
...................
..........@$.......
..................$
...................
...................
...................
.................##.
..........[).......#
...........)........#.
..........)).........#


You could see a smoke demon (summoned), an orc sorcerer, an orc priest and a
friendly two-headed ogre (summoned, berserk).

Vanquished Creatures
  Snorg (D:11)
  An ettin (Orc:1)
  Josephine (D:11)
  A two-headed ogre (D:11)
  The ghost of Alarak the Spear-Bearer, a novice GnWn of Qazlal (D:9)
  A deep elf mage (D:11)
  An ugly thing (D:11)
  2 manticores (D:11)
  A cyclops (D:11)
  4 trolls
  Prince Ribbit (D:7)
  A hornet (D:12)
  15 yaks
  3 wraiths (D:11)
  A steam dragon (D:9)
  Grum (D:11)
  4 sky beasts
  16 orc warriors
  3 black bears
  5 phantoms
  4 ice beasts
  9 ogres
  4 wolves (D:11)
  12 centaurs
  4 bullfrogs
  5 scorpions
  9 killer bees
  5 wights (D:6)
  2 howler monkeys
  2 centaur zombies
  3 quasits
  3 hounds
  Crazy Yiuf (D:4)
  13 orc priests
  2 jellies
  4 bullfrog skeletons
  3 iguanas
  Terence (D:2)
  8 worker ants
  Natasha (twice) (D:3)
  13 orc wizards
  A hound zombie (D:9)
  2 hound skeletons
  4 gnolls (D:4)
  A howler monkey skeleton (D:10)
  A worker ant zombie (D:6)
  16 adders
  2 shadow imps
  6 white imps
  6 ufetubi
  An ooze (D:2)
  An adder skeleton (D:4)
  An adder zombie (D:7)
  2 worms
  A dart slug (D:1)
  8 leopard geckos
  88 orcs
  A giant cockroach (D:7)
  5 goblins
  6 hobgoblins
  11 jackals
  6 kobolds
  4 quokkas
  10 bats
  5 frilled lizards
  3 leopard gecko skeletons
  2 quokka zombies (D:5)
  17 rats
384 creatures vanquished.

Vanquished Creatures (collateral kills)
  The ghost of sixsigma the Destroyer, a journeyman GnCj of Ashenzari (D:9)
  A kobold demonologist (D:12)
  2 orc warriors
  A big kobold (D:12)
  2 orc priests (Orc:1)
  An orc wizard (Orc:1)
  2 orcs
  6 kobolds (D:12)
16 creatures vanquished.

Vanquished Creatures (others)
  An adder (D:4)
  2 orcs (D:4)
  A quokka (D:7)
  14 fungi (D:10)
  7 plants (D:10)
  6 withered plants (D:9)
31 creatures vanquished.

Grand Total: 431 creatures vanquished

Notes
Turn   | Place    | Note
-------+----------+-------------------------------------------
     0 | D:1      | timruff the Minotaur Berserker began the quest for the Orb.
     0 | D:1      | Reached XP level 1. HP: 19/19 MP: 0/0
    99 | D:1      | Reached XP level 2. HP: 20/27 MP: 1/1
  1008 | D:2      | Reached XP level 3. HP: 28/34 MP: 2/2
  1253 | D:2      | Reached ** piety under Trog
  1482 | D:2      | Reached XP level 4. HP: 41/41 MP: 3/3
  1571 | D:2      | Noticed Terence
  1583 | D:2      | Killed Terence
  1584 | D:2      | Reached skill level 5 in Axes
  1586 | D:2      | Reached XP level 5. HP: 47/47 MP: 4/4
  2229 | D:3      | Reached skill level 5 in Fighting
  3130 | D:3      | Noticed Natasha
  3152 | D:3      | Killed Natasha
  3153 | D:3      | Reached XP level 6. HP: 56/56 MP: 5/5
  3413 | D:3      | Found a blossoming altar of Fedhas.
  3502 | D:3      | Noticed Natasha
  3510 | D:3      | Killed Natasha
  3657 | D:4      | Reached skill level 1 in Stealth
  3745 | D:4      | Reached *** piety under Trog
  3786 | D:4      | Reached XP level 7. HP: 12/62 MP: 6/6
  4322 | D:4      | Reached skill level 1 in Shields
  4356 | D:4      | Noticed a moth of wrath
  4360 | D:4      | Found a bloodstained altar of Trog.
  5374 | D:4      | Found a basalt altar of Yredelemnul.
  5381 | D:4      | Noticed a profane servitor
  5396 | D:4      | Found a glowing golden altar of the Shining One.
  5398 | D:4      | Noticed an angel
  5629 | D:4      | Found a runed translucent door.
  5630 | D:4      | Noticed Crazy Yiuf
  5639 | D:4      | Killed Crazy Yiuf
  5702 | D:5      | Entered Level 5 of the Dungeon
  5871 | D:5      | Reached skill level 5 in Armour
  6277 | D:5      | Reached XP level 8. HP: 59/70 MP: 7/7
  6557 | D:5      | Found a stormy altar of Qazlal.
  6558 | D:5      | Found a white marble altar of Elyvilon.
  6559 | D:5      | Found a hide-covered altar of Uskayaw.
  6576 | D:5      | Found an opulent altar of Gozag.
  6576 | D:5      | Found a radiant altar of Vehumet.
  6577 | D:5      | Found a bloodstained altar of Trog.
  6764 | D:5      | Found a sparkling altar of Nemelex Xobeh.
  6764 | D:5      | Found a burning altar of Makhleb.
  6786 | D:5      | Found a burning altar of Makhleb.
  7057 | D:6      | Found a staircase to the Ecumenical Temple.
  7622 | D:6      | Found an iron altar of Okawaru.
  7687 | D:6      | Reached skill level 10 in Axes
  8055 | Temple   | Entered the Ecumenical Temple
  8217 | D:7      | Noticed Prince Ribbit
  8230 | D:7      | Killed Prince Ribbit
  8231 | D:7      | Reached XP level 9. HP: 78/78 MP: 8/8
  8276 | D:7      | Reached **** piety under Trog
  8822 | D:7      | Found a white marble altar of Elyvilon.
  9336 | D:8      | Found Teova's Assorted Antiques.
  9771 | D:8      | Found a shadowy altar of Dithmenos.
  9782 | D:8      | Got a brightly glowing copper ring
  9788 | D:8      | Identified the ring of the Coward {*Tele +Inv rElec Will-
                  | Stlth+} (You found it on level 8 of the Dungeon)
  9966 | D:9      | Reached skill level 5 in Shields
 10187 | D:9      | Reached XP level 10. HP: 75/89 MP: 9/9
 10326 | D:9      | Reached ***** piety under Trog
 10519 | D:9      | Found a runed translucent gate.
 10520 | D:9      | Found a runed translucent gate.
 10521 | D:9      | Found a runed translucent gate.
 10584 | D:9      | Found Toamno's Antique Armour Boutique.
 10599 | D:9      | Found a snail-covered altar of Cheibriados.
 10787 | D:9      | Noticed Alarak's ghost (novice GnWn)
 10787 | D:9      | Noticed sixsigma's ghost (journeyman GnCj)
 11224 | D:9      | Killed sixsigma's ghost
 11225 | D:9      | Reached skill level 2 in Long Blades
 11925 | D:9      | Killed Alarak's ghost
 11926 | D:9      | Reached skill level 3 in Long Blades
 12965 | D:10     | Entered Level 10 of the Dungeon
 12974 | D:10     | Reached skill level 4 in Long Blades
 13431 | D:10     | Reached skill level 5 in Long Blades
 13861 | D:10     | Reached skill level 6 in Long Blades
 14246 | D:10     | Found a staircase to the Lair.
 14486 | D:10     | Found a staircase to the Orcish Mines.
 14676 | D:10     | Reached XP level 11. HP: 88/97 MP: 10/10
 14872 | D:11     | Reached skill level 7 in Long Blades
 15027 | D:11     | Noticed a deep elf mage
 15180 | D:11     | Reached skill level 10 in Armour
 15184 | D:11     | Reached skill level 8 in Long Blades
 15273 | D:11     | Noticed Josephine
 15282 | D:11     | Killed Josephine
 15283 | D:11     | Reached skill level 9 in Long Blades
 15410 | D:11     | Noticed a two-headed ogre
 15456 | D:11     | Killed a two-headed ogre
 15457 | D:11     | Reached skill level 10 in Fighting
 15691 | D:11     | Noticed a green ugly thing
 15703 | D:11     | Killed a green ugly thing
 15723 | D:11     | HP: 4/99 [barbs]
 15776 | D:11     | Reached skill level 10 in Long Blades
 16113 | D:11     | Killed a deep elf mage
 16243 | D:11     | Noticed Grum
 16277 | D:11     | Killed Grum
 16483 | D:11     | Noticed Snorg
 16507 | D:11     | Killed Snorg
 16619 | D:11     | Reached skill level 11 in Long Blades
 16977 | D:12     | Reached XP level 12. HP: 44/107 MP: 11/11
 17470 | Orc:1    | Entered Level 1 of the Orcish Mines
 18222 | Orc:1    | Reached skill level 12 in Long Blades
 18641 | Orc:1    | Noticed an ettin
 18648 | Orc:1    | Killed an ettin
 18852 | Orc:2    | Entered Level 2 of the Orcish Mines
 18965 | Orc:2    | Paralysed by an orc sorcerer for 3 turns
 18968 | Orc:2    | HP: 1/110 [smoke demon/divine providence[an orc sorcerer]
                  | (7)]
 18972 | Orc:2    | Killed from afar by an orc priest

Illustrated notes

Levels and vault maps discovered:
D:1:      psy_arrival_terrarium, layout_basic, minivault_11
D:2:      layout_rooms, minmay_split_cup_small, uniq_terence
D:3:      layout_loops_corners, fedhas_altar_4, uniq_natasha
D:4:      layout_loops_ring, grunt_temple_overflow_holy_war,
          portal_sewer_entry_c, corexii_item_surrounded_by_moat, tgw_trog,
          uniq_crazy_yiuf_cottage
D:5:      layout_basic, grunt_temple_overflow_open,
          gammafunk_temple_overflow_pools, minmay_misc_feat_hallway,
          bloody_makhleb
D:6:      layout_basic, lemuel_doored_altar, minmay_temple_entry_trees,
          dk_noncrumbling_3
D:7:      layout_cave_pods, elyvilon_altar_4, uniq_prince_ribbit1
D:8:      layout_basic, enter_bailey_4, serial_shops,
          nicolae_shop_overgrown_old_shop, nicolae_dithmenos_the_darkroom
D:9:      layout_rooms, cheibrodos_worm_habitat, serial_shops, shop,
          gammafunk_ghost_cemetery
D:10:     layout_roguey, grunt_lair_entry_orc_guard_hut, hiddenorc1_lemuel,
          minivault_22
D:11:     minmay_ornate_pinched, layout_long_grid, mrwooster_statue_mirror,
          uniq_snorg, uniq_josephine, uniq_grum
D:12:     layout_long_grid, serial_shops, shop, uniq_frances, uniq_kirke
Temple:   dpeg_three_leaves_temple
Orc:1:    layout_diamond_mine
Orc:2:    st_orc_town, layout_caves

Skill      XL: |  1  2  3  4  5  6  7  8  9 10 11 12 |
---------------+-------------------------------------+-----
Fighting       | 4 5 6 8 9 10 11 | 11.0
Axes           | 4 5 6 8 10 11 | 11.9
Armour         | 3 4 5 7 8 9 10 11 | 11.2
Dodging        | 3 |  3.9
Stealth        | 1 |  1.4
Shields        | 1 3 5 6 7 |  7.6
Long Blades    | 6 11 12 | 12.3

Action                   |  1- 3 |  4- 6 |  7- 9 | 10-12 || total
-------------------------+-------+-------+-------+-------++-------
Melee: Hand axe          |    75 |   125 |   444 |    14 ||   658
       Headbutt          |    11 |    21 |    92 |   129 ||   253
       Triple sword      |       |       |       |   450 ||   450
Invok: Berserk           |     1 |     7 |     7 |    24 ||    39
       Trog's Hand       |       |     1 |       |     5 ||     6
       Brothers in Arms  |       |       |       |     9 ||     9
  Use: Scroll            |       |     8 |     9 |    12 ||    29
       Potion            |       |     1 |     4 |    14 ||    19
Armor: Animal skin       |     3 |       |       |       ||     3
       Ring mail         |    25 |       |       |       ||    25
       Chain mail        |     6 |    21 |       |       ||    27
       Plate armour      |       |    37 |   229 |   396 ||   662
       Skin              |       |    12 |       |       ||    12
Dodge: Dodged            |    47 |    38 |   119 |   282 ||   486
Block: Other             |       |    20 |    81 |   164 ||   265
       Reflection        |       |     1 |       |     9 ||    10
       Rpst.: Triple sword |       |       |       |    63 ||    63
